 Dungeon Crawl Stone Soup version 0.26.0-10-g1f06aea511 (webtiles) character file.

Game seed: 7742262607218260995

178 gruber the Stinger (level 5, -9/31 HPs)
             Began as an Octopode Venom Mage on Jan 15, 2021.
             Mangled by a gnoll
             ... wielding a +0 halberd
              (15 damage)
             ... on level 3 of the Dungeon.
             The game lasted 00:03:12 (2940 turns).

gruber the Stinger (Octopode Venom Mage)            Turns: 2940, Time: 00:03:13

Health: -9/31      AC:  1    Str:  3    XL:     5   Next: 58%
Magic:  2/8        EV: 13    Int: 18    God:
Gold:   161        SH:  0    Dex: 13    Spells: 3/8 levels left

rFire    . . .     SeeInvis +   r - +0 spear (venom)
rCold    . . .     Faith    .   (no shield)
rNeg     . . .     Spirit   .   (helmet restricted)
rPois    .         Reflect  .   (no amulet)
rElec    .         Harm     .   c - ring of see invisible
rCorr    .         Rampage  .   m - -4 ring of strength (curse)
Will     .....                  (no ring)
Stlth    +++.......             (no ring)
HPRegen  0.10/turn              (no ring)
MPRegen  0.11/turn              (no ring)
                                (no ring)
                                (no ring)

@: no status effects
A: almost no armour, stealthy swim, amphibious, 8 rings, constrict 8, camouflage
1, gelatinous body 1
a: no special abilities


You were on level 3 of the Dungeon.
You visited 1 branch of the dungeon, and saw 3 of its levels.

You collected 161 gold pieces.

Inventory:

Hand Weapons
 a - a +0 dagger of speed
 r - a +0 spear of venom (weapon)
Armour
 l - a +0 buckler
Jewellery
 c - a ring of see invisible (left tentacle)
 m - a cursed -4 ring of strength (right tentacle)
Scrolls
 b - 4 scrolls of amnesia {unknown}
 g - 3 scrolls of identify {unknown}
 h - 4 scrolls of remove curse {unknown}
 i - a scroll of immolation {unknown}
 k - a scroll of teleportation {unknown}
 n - a scroll of enchant weapon {unknown}
 o - a scroll of magic mapping {unknown}
 p - a scroll of fog {unknown}
 s - a scroll of enchant armour {unknown}
Potions
 d - a potion of resistance {unknown}
 e - 2 potions of berserk rage {unknown}
 f - a potion of invisibility {unknown}
 j - 2 potions of haste {unknown}
 q - a potion of brilliance {unknown}
 t - a potion of curing {unknown}
 u - a potion of attraction {unknown}


   Skills:
 - Level 2.0 Dodging
 - Level 2.6 Stealth
 - Level 2.0 Spellcasting
 - Level 1.0 Transmutations
 + Level 7.3 Poison Magic


You had 3 spell levels left.
You knew the following spells:

 Your Spells              Type           Power        Failure   Level
a - Sting                 Tmut/Pois      64%          3%          1
b - Olgreb's Toxic Radia  Pois           28%          9%          4

Your spell library contained the following spells:

 Spells                   Type           Power        Failure   Level
 Poisonous Vapours        Pois/Air       30%          6%          2
 Ignite Poison            Fire/Tmut/Pois 11%          17%         3
 Mephitic Cloud           Conj/Pois/Air  10%          21%         3


Dungeon Overview and Level Annotations

Branches:
Dungeon (3/15)

Altars:
Cheibriados


Innate Abilities, Weirdness & Mutations

You cannot wear most types of armour.
You are very stealthy in the water. (Stealth+)
You are amphibious.
You can wear up to eight rings at the same time.
You can use your tentacles to constrict eight enemies at once.
Your skin changes colour to match your surroundings (Stealth+).
Your rubbery body absorbs attacks. (AC +1, EV +1)


Message History

The gnoll looks more healthy.
Found a dagger.
Found a scroll labelled FAAJIX LUYNEIS.
Reach: r) +0 spear (venom)
Press: ? - help, Dir - move target, f - gnoll
Aim: a gnoll, wielding a +0 halberd (almost dead)
You reach to attack!
You barely miss the gnoll.
The gnoll is almost dead.
The gnoll hits you from afar with a +0 halberd!
Ouch! That really hurt!
* * * LOW HITPOINT WARNING * * *
Unknown command.
Unknown command.
Reach: r) +0 spear (venom)
Press: ? - help, Dir - move target, f/p - gnoll
Aim: a gnoll, wielding a +0 halberd (almost dead)
You reach to attack!
You hit the gnoll but do no damage.
The gnoll is poisoned.
The gnoll is almost dead.
The gnoll hits you from afar with a +0 halberd!
You die...

.......#...##..##.##.....#
...............##.#.......
..................#.......
##......##............_...
#................#.......
.....####.........#.......
>..## #.........##..)..#
.. ##[.......####.###
#@.g......)((.....
#....##....))#.#)..
#<#.#####(.....).(. .....#
##.####.##.( ).....## #..#
#..... ....##### #.##
###### ....
....###.########## .?..
#.........#.....
##...............


You could see a gnoll (very poisoned).

Vanquished Creatures
  An orc priest (D:3)
  An orc wizard (D:2)
  3 gnolls (D:3)
  2 adders (D:2)
  An ooze (D:3)
  An adder zombie (D:3)
  A dart slug (D:2)
  3 leopard geckos
  4 orcs (D:3)
  2 ball pythons
  2 giant cockroaches
  3 goblins
  5 hobgoblins
  7 jackals
  A quokka (D:2)
  4 bats
  6 frilled lizards
  9 kobolds
  7 rats
63 creatures vanquished.

Notes
Turn   | Place    | Note
-------+----------+-------------------------------------------
     0 | D:1      | gruber the Octopode Venom Mage began the quest for the Orb.
     0 | D:1      | Reached XP level 1. HP: 11/11 MP: 3/3
   209 | D:1      | Reached skill level 4 in Poison Magic
   441 | D:1      | Reached XP level 2. HP: 12/17 MP: 5/5
  1284 | D:1      | You fall into a shaft and drop 1 floor!
  1290 | D:2      | Reached skill level 5 in Poison Magic
  1290 | D:2      | Reached XP level 3. HP: 21/21 MP: 6/6
  2125 | D:2      | Reached XP level 4. HP: 23/27 MP: 7/7
  2216 | D:2      | Reached skill level 6 in Poison Magic
  2275 | D:2      | Learned a level 4 spell: Olgreb's Toxic Radiance
  2581 | D:3      | Reached XP level 5. HP: 28/31 MP: 3/8
  2594 | D:3      | Found a snail-covered altar of Cheibriados.
  2617 | D:3      | Reached skill level 7 in Poison Magic
  2940 | D:3      | Mangled by a gnoll

Illustrated notes

Levels and vault maps discovered:
D:1:      eino_arrival_water_cross, layout_basic, minmay_pentomino_s4
D:2:      layout_rooms, st_stairs_9
D:3:      layout_rooms, old_standard_altar, minmay_starry_boxes

Skill      XL: |  1  2  3  4  5 |
---------------+----------------+-----
Poison Magic   | 4 5 6 7 |  7.3
Dodging        | |  2.0
Stealth        | |  2.6
Spellcasting   | |  2.0
Transmutations | |  1.0

Action                   |  1- 3 |  4- 6 || total
-------------------------+-------+-------++-------
Melee: Dagger            |    79 |       ||    79
       Constrict         |    23 |    13 ||    36
       Tentacles         |    16 |     8 ||    24
       Unarmed           |     2 |       ||     2
       Spear             |     3 |    50 ||    53
 Cast: Sting             |    22 |       ||    22
       Olgreb's Toxic Ra |       |     8 ||     8
 Stab: Sleeping          |     8 |     3 ||    11
Armor: Skin              |    12 |     2 ||    14
Dodge: Dodged            |    43 |    36 ||    79
